Unix NetHack Version 5.0.0-0 post-release - last build Jul 14 2026 02:55:29 (1809b74e8187c3a3585e283601c3028b46cbbdcb,branch:main).

Game began 2026-07-14 16:45:02, ended 2026-07-14 20:07:58.

Anarchos, lawful female dwarven Valkyrie

                               -------     -------
                               |>*|..|   --|.....|
                               |.....|   |.+.....|
                              ---.--.|   |-|.....|--
                           ----....|.--  |.+.....+.|
                           |.....`.|..-- |-|.....|.|
                           |...`---|.`.| |.+.....|.|
                           |....|..|@u`| --|.....|.|
                           |`......|`..|   ------|.|
                          --.`..|......--        |.|
                          |.``..|..|`.``|        |.|
                          |.....|--|/`..|        |.|
                          |..|.--  --...|        |.|
                          ----.|    -----        |.|
                            |..-------------------.|
                            |..^........^^^^^^^^^^.|
                            ------------------------

Anarchos the Fighter        St:25 Dx:16 Co:18 In:8 Wi:7 Ch:9  Lawful
Dlvl:2  $:176 HP:0(85) Pw:12(12) AC:2  Xp:7 T:5391  Satiated

Latest messages:
 You hear a boulder fall.
 A foul stench makes you feel a little nauseated.
 With great effort you move the boulder.
 With great effort you move the boulder.
 The massive hammer hits!  Lightning strikes the yellow mold!
 You kill the yellow mold!
 y - a yellow mold corpse.
 With great effort you move the boulder.
 You try to move the boulder, but in vain.
 The boulder suddenly rolls away from you!
 You hear a boulder fall.
 A mysterious force prevents the black unicorn from teleporting!
 With great effort you move the boulder.
 The black unicorn misses!
 The black unicorn kicks!
 The black unicorn butts!
 The black unicorn kicks!
 The black unicorn butts!
 The black unicorn misses!
 The black unicorn misses!
 The black unicorn misses!
 The black unicorn butts!
 The black unicorn kicks!
 With great effort you move the boulder.
 With great effort you move the boulder.
 The boulder suddenly rolls away from you!
 You hear a boulder fall.
 A mysterious force prevents the black unicorn from teleporting!
 The black unicorn butts!
 The black unicorn kicks!
 The black unicorn butts!
 The black unicorn kicks!
 The black unicorn butts!
 The black unicorn kicks!
 The black unicorn butts!
 The black unicorn kicks!
 You miss the black unicorn.
 The black unicorn butts!
 The black unicorn kicks!
 The black unicorn butts!
 The black unicorn kicks!
 What do you want to throw? [$al or ?*] l
 In what direction? 6
 The war hammer named Mjollnir misses the black unicorn.
 The war hammer named Mjollnir returns to your hand!
 The black unicorn butts!
 The black unicorn kicks!
 You die...
 Do you want your possessions identified? [ynq] (y) y
 Do you want to see your attributes? [ynq] (y) q

Inventory:
 Coins    ('$')
  $ - 176 gold pieces
 Amulets  ('"')
  F - an uncursed amulet of flying
 Weapons  (')')
  a - a +3 dwarvish spear
  l - the rustproof +0 Mjollnir (weapon in right hand)
 Armor    ('[')
  J - an uncursed +0 pair of gauntlets of power (being worn)
  r - a cursed -1 pair of levitation boots
  c - an uncursed thoroughly burnt +4 small shield (being worn)
  u - an uncursed +0 cloak of protection (being worn)
 Comestibles  ('%')
  g - an uncursed cream pie
  d - 6 uncursed food rations
  p - 2 uncursed fortune cookies
  T - an uncursed lembas wafer
  q - 4 uncursed tripe rations
  E - an uncursed tin of pickled lichen
  R - an uncursed egg
  Z - an uncursed lizard corpse
  y - an uncursed yellow mold corpse
 Scrolls  ('?')
  k - 3 uncursed scrolls of blank paper
  O - 2 cursed scrolls of blank paper
  t - a blessed scroll of earth
  n - an uncursed scroll of earth
  m - a blessed scroll of light
  h - an uncursed scroll of light
  H - an uncursed scroll of magic mapping
 Spellbooks  ('+')
  S - a blessed spellbook of detect monsters
  w - an uncursed spellbook of magic missile
 Rings    ('=')
  U - a cursed ring of conflict
  I - an uncursed ring of poison resistance
  b - an uncursed ring of protection from shape changers
  j - an uncursed ring of searching (on left hand)
  W - an uncursed ring of see invisible
  X - an uncursed ring of sustain ability
  s - an uncursed ring of warning
 Wands    ('/')
  V - a wand of light (0:11)
  Q - a wand of secret door detection (0:15)
  Y - a wand of secret door detection (0:12)
  A - a wand of slow monster (0:4)
  o - a wand of stasis (0:3)
  e - a wand of undead turning (0:5)
 Tools    ('(')
  P - an uncursed credit card
  L - an uncursed figurine of a trapper
  v - an uncursed mirror
  f - an uncursed oil lamp
  i - an uncursed towel
  x - an uncursed towel
 Gems/Stones  ('*')
  D - 3 uncursed worthless pieces of red glass
  N - an uncursed flint stone

Anarchos the Valkyrie's attributes:

Background:
 You were a Fighter, a level 7 dwarven Valkyrie.
 You were lawful, on a mission for Tyr
 who was opposed by Odin (neutral) and Loki (chaotic).
 You were right-handed.
 You were in Sokoban, on level 2.
 You entered the dungeon 5391 turns ago.
 There was a new moon in effect when your adventure ended.
 You had 1123 experience points, 157 more were needed to attain level 8.

Basics:
 You had 0 out of 85 hit points.
 You had all 12 energy points (spell power).
 Your armor class was 2.
 Your wallet contained 176 zorkmids.
 Autopickup was on for all types.

Final Characteristics:
 Your strength was 25 (base:16, innate limit:18/100).
 Your dexterity was 16 (limit:20).
 Your constitution was 18 (peak:19, limit:20).
 Your intelligence was 8 (limit:16).
 Your wisdom was 7 (peak:8, limit:16).
 Your charisma was 9 (limit:16).

Final Status:
 You were satiated.
 You were unencumbered.
 You were wielding a hammer.
 You had basic skill with hammer.

Final Attributes:
 You were piously aligned.
 You were cold resistant.
 You were poison resistant.
 You had automatic searching.
 You had infravision.
 You were stealthy.
 You were protected.
 You were fast.
 You were very unlucky.
 You are dead.

Miscellaneous:
 You didn't encounter any bones levels.
 Total elapsed playing time was 1 hour, 31 minutes and 24 seconds.

Major events:
 Turn
    1: Anarchos the lawful dwarven Valkyrie entered the dungeon
 1360: attained the rank of Skirmisher (level 3)
 1502: was bestowed with Mjollnir by Tyr
 2038: entered the Gnomish Mines
 2859: reached Mine Town
 3037: attained the rank of Fighter (level 6)
 4034: entered Sokoban
 4243: completed 1st Sokoban level
 4496: completed 2nd Sokoban level
 4912: completed 3rd Sokoban level
 5391: killed by a black unicorn

Spells:
 Name                 Level Category     Fail Retention
 detect monsters        1   divination   100%  76%-100%

Skills:
 Fighting Skills
   bare handed combat [Unskilled]
   two weapon combat  [Unskilled]
   riding             [Unskilled]
 Weapon Skills
   dagger             [Basic]
   axe                [Unskilled]
   pick-axe           [Unskilled]
   short sword        [Unskilled]
   broadsword         [Unskilled]
   long sword         [Unskilled]
   two-handed sword   [Unskilled]
   saber              [Unskilled]
   hammer             [Basic]
   quarterstaff       [Unskilled]
   polearms           [Unskilled]
   spear              [Basic]
   trident            [Unskilled]
   lance              [Unskilled]
   sling              [Unskilled]
 Spellcasting Skills
   attack spells      [Unskilled]
   escape spells      [Unskilled]

Voluntary challenges:
 Character rerolling was not enabled.
 You never genocided any monsters.
 You never polymorphed an object.
 You used no wishes.
 You violated the special Sokoban rules 6 times.
Achievements:
 You attained the rank of Skirmisher.
 You entered a shop.
 You entered the Gnomish Mines.
 You entered Minetown.
 You entered a temple.
 You attained the rank of Fighter.
 You entered Sokoban.

 The Dungeons of Doom: levels 1 to 6
    Level 1:
    Level 2:
       Some fountains, a grave.
    Level 3:
       An altar to Tyr.
    Level 4:
       A ring shop, a sink.
       Stairs down to The Gnomish Mines.
    Level 5:
       Many fountains.
       Oracle of Delphi.
    Level 6:
       Stairs up to Sokoban, level 5.
 The Gnomish Mines: levels 5 to 8
    Level 5:
    Level 6:
    Level 7:
    Level 8:
       Many shops, a temple and an altar, many fountains.
 Sokoban: levels 5 up to 2
    Level 2: <- You were here.
       Unsolved.
       Final resting place for
          you, killed by a black unicorn.
    Level 3:
       Solved.
    Level 4:
       Solved.
    Level 5:
       Solved.


Vanquished creatures:
  2 giant mimics
  a small mimic
  a tengu
  2 winter wolf cubs
  a spotted jelly
 an ice vortex
  2 black lights
  a gold golem
  a lizard
  a chickatrice
  a dingo
  2 jaguars
  2 imps
  a water nymph
  a rock mole
  a shrieker
  2 violet fungi
 an elf zombie
  a paper golem
  2 homunculi
  a kobold shaman
  2 hill orcs
  a rothe
  a centipede
  a giant bat
 an iguana
  a coyote
  3 gas spores
  a hobbit
  2 large kobolds
  2 giant rats
  a cave spider
  a yellow mold
  a gnome
  4 garter snakes
  5 geckos
 13 jackals
  a fox
  a kobold
  3 goblins
  3 sewer rats
  3 grid bugs
  3 lichens
  3 kobold zombies
  9 newts
94 creatures vanquished.

No species were genocided or became extinct.

Game over:
                       ----------
                      /          \
                     /    REST    \
                    /      IN      \
                   /     PEACE      \
                  /                  \
                  |     Anarchos     |
                  |      176 Au      |
                  |   killed by a    |
                  |  black unicorn   |
                  |                  |
                  |                  |
                  |       2026       |
                 *|     *  *  *      | *
        _________)/\\_//(\/(/\)/\//\/|_)_______

Farvel Anarchos the Valkyrie...

You died in Sokoban on dungeon level 2 with 5091 points,
and 176 pieces of gold, after 5391 moves.
You were level 7 with a maximum of 85 hit points when you died.

